 Dungeon Crawl Stone Soup version 0.29-a0-870-g2c972031a6 (webtiles) character file.

Game seed: 15287078807656200847

819 RevDB the Basher (level 7, -2/63 HPs)
             Began as a Minotaur Fighter on July 17, 2022.
             Killed by divine providence
             ... invoked by an orc priest
              (16 damage)
             ... on level 4 of the Dungeon.
             The game lasted 00:23:53 (3551 turns).

RevDB the Basher (Minotaur Fighter)                 Turns: 3551, Time: 00:23:54

Health: -2/63      AC: 12    Str: 23    XL:     7   Next: 63%
Magic:  6/6        EV:  5    Int:  5    God:
Gold:   166        SH:  8    Dex:  9    Spells: 6/6 levels left

rFire   . . .      SeeInvis .   C - +0 mace
rCold   . . .      Faith    .   j - +0 kite shield
rNeg    . . .      Spirit   .   h - +0 plate armour
rPois   .          Reflect  .   (helmet restricted)
rElec   .          Harm     .   (no cloak)
rCorr   .          Rampage  .   (no gloves)
Will    .....                   (no boots)
Stlth   ..........              (no amulet)
HPRegen 0.20/turn               (no ring)
MPRegen 0.10/turn               (no ring)

@: mighty
A: horns 2, retaliatory headbutt
a: no special abilities


You were on level 4 of the Dungeon.
You visited 1 branch of the dungeon, and saw 4 of its levels.

You collected 166 gold pieces.

Inventory:

Hand Weapons
 a - a +0 flail
 q - a +0 whip
 x - a +2 hand axe of flaming
 C - a +0 mace (weapon)
Missiles
 n - 33 stones
 s - 2 boomerangs (quivered)
Armour
 b - a +0 scale mail
 c - a +0 buckler
 g - a +0 troll leather armour
 h - a +0 plate armour (worn)
 j - a +0 kite shield (worn)
Scrolls
 e - a scroll of amnesia {unknown}
 f - 2 scrolls of teleportation {unknown}
 k - 3 scrolls of identify {unknown}
 l - 2 scrolls of poison {unknown}
 r - 3 scrolls of enchant armour {unknown}
 u - a scroll of brand weapon {unknown}
 w - a scroll of immolation {unknown}
 y - a scroll of summoning {unknown}
 A - a scroll of enchant weapon {unknown}
 B - a scroll of acquirement {unknown}
Potions
 i - a potion of attraction {unknown}
 m - a potion of haste {unknown}
 o - a potion of mutation {unknown}
 p - a potion of lignification {unknown}
 t - a potion of degeneration {unknown}
 v - 2 potions of curing {unknown}
 z - a potion of heal wounds {unknown}


   Skills:
 - Level 6.0 Fighting
 + Level 8.7 Maces & Flails
 - Level 5.0 Armour
 - Level 4.0 Shields


You had 6 spell levels left.
You didn't know any spells.
Your spell library was empty.

Dungeon Overview and Level Annotations

Branches:
Dungeon (4/15)
 Temple: D:4-7

Altars:


Innate Abilities, Weirdness & Mutations

You have a pair of horns on your head.
You reflexively headbutt those who attack you in melee.


Message History

Pikel is severely wounded.
You block the orc's attack. Pikel barely misses you.
You sock Pikel!
You kill Pikel!
You block the orc's attack.
Training target 5.0 for Armour reached!
Your Armour skill increases to level 5!
You need to enable at least one skill for training.
Training target 6.0 for Fighting reached!
Your Fighting skill increases to level 6!
You need to enable at least one skill for training.
Training target 8.0 for Maces & Flails reached!
Your Maces & Flails skill increases to level 8!
You need to enable at least one skill for training.
You have reached level 7!
You hit the orc. Your headbutt misses the orc.
The orc is severely wounded.
The orc hits you but does no damage.
You sock the orc!
You kill the orc!
You closely miss the orc priest. Your headbutt misses the orc priest.
The orc priest hits you but does no damage.
You barely miss the orc priest.
The orc priest looks encouraged for a moment.
You thump the orc priest!
The orc priest is heavily wounded.
The orc priest invokes the aid of Beogh against you.
You struggle to resist.
You closely miss the orc priest.
The orc priest is heavily wounded.
The orc priest hits you with a +0 dagger.
* * * LOW HITPOINT WARNING * * *
You hit the orc priest.
The orc priest is severely wounded.
You block the orc priest's attack.
You hit the orc.
The orc is moderately wounded.
The orc priest invokes the aid of Beogh against you.
Beogh smites you!
You die...

#...<...# #. #.......# #.#
###.o.### ... #...# #.#
#o### ##.# #.### #.# ....
.....##.#
##.#####.#...oo#######
#..........#.#oo@....####
......##.###.#.##.......#
##.##.# .
#.#...#.##)#########
##.##.##
####[#.......))))......
...#..<#
#.........##[#########
####...# #.#.###...##.#
#...# #.#.# #......#
#...#####.#.###.#.####
#.........#.......########


You could see an orc priest and 3 orcs.

Vanquished Creatures
  Pikel (D:4)
  Sigmund (D:2)
  4 lemures
  A hound (D:4)
  Robin (D:4)
  7 gnolls
  An adder (D:3)
  3 dart slugs
  An orc (D:4)
  7 endoplasms
  11 giant cockroaches
  14 goblins
  12 hobgoblins
  6 jackals
  3 kobolds (D:1)
  A quokka (D:4)
  3 ball pythons
  6 bats
  2 frilled lizards (D:1)
  5 rats
90 creatures vanquished.

Notes
Turn   | Place    | Note
-------+----------+-------------------------------------------
     0 | D:1      | RevDB the Minotaur Fighter began the quest for the Orb.
     0 | D:1      | Reached XP level 1. HP: 19/19 MP: 0/0
   117 | D:1      | Reached XP level 2. HP: 26/27 MP: 1/1
   348 | D:1      | Reached skill level 3 in Maces & Flails
   391 | D:1      | Reached XP level 3. HP: 33/33 MP: 2/2
   755 | D:2      | Noticed Sigmund
  1057 | D:2      | Reached skill level 4 in Maces & Flails
  1196 | D:2      | Reached XP level 4. HP: 18/40 MP: 3/3
  1289 | D:2      | Reached skill level 5 in Maces & Flails
  2368 | D:3      | Reached XP level 5. HP: 46/46 MP: 4/4
  2543 | D:3      | Found a faded altar of an unknown god.
  2699 | D:4      | Reached skill level 6 in Maces & Flails
  2747 | D:4      | Noticed Robin
  2781 | D:4      | Killed Robin
  2937 | D:4      | Noticed Pikel
  2937 | D:4      | Noticed a lemure
  2937 | D:4      | Noticed a lemure
  2937 | D:4      | Noticed a lemure
  2937 | D:4      | Noticed a lemure
  2950 | D:3      | Killed a lemure
  2966 | D:3      | Killed a lemure
  3401 | D:2      | Killed Sigmund
  3402 | D:2      | Reached skill level 5 in Fighting
  3402 | D:2      | Reached skill level 7 in Maces & Flails
  3402 | D:2      | Reached XP level 6. HP: 43/56 MP: 5/5
  3542 | D:4      | Killed Pikel
  3543 | D:4      | Reached skill level 5 in Armour
  3543 | D:4      | Reached skill level 8 in Maces & Flails
  3543 | D:4      | Reached XP level 7. HP: 13/63 MP: 6/6
  3551 | D:4      | Killed from afar by an orc priest

Illustrated notes

Levels and vault maps discovered:
D:1:      dpeg_arrival_rhombus, layout_loops_cross, minmay_misc_feat_cross,
          hangedman_abyss_or_decor_stabs, grunt_decor_arrowhead,
          minmay_surrounded
D:2:      minmay_roachtagon, layout_basic, minivault_11, minivault_26,
          uniq_sigmund
D:3:      layout_basic, shapermc_ecumenical_altar_venn, nicolae_titane
D:4:      layout_loops_cross, uniq_pikel, uniq_robin

Skill      XL: |  1  2  3  4  5  6 |
---------------+-------------------+-----
Armour         | 4 5 |  5.0
Fighting       | 4 5 6 |  6.0
Maces & Flails | 3 4 5 7 8 |  8.7
Shields        | 4 |  4.0

Action                   |  1- 3 |  4- 6 |  7- 9 || total
-------------------------+-------+-------+-------++-------
Melee: Flail             |    59 |       |       ||    59
       Headbutt          |     8 |    30 |       ||    38
       Whip              |    28 |   110 |       ||   138
       Mace              |       |    71 |     8 ||    79
Throw: Boomerang         |       |     1 |       ||     1
  Use: Potion            |       |     1 |       ||     1
Armor: Scale mail        |     5 |       |       ||     5
       Troll leather arm |    20 |     3 |       ||    23
       Plate armour      |       |    90 |     2 ||    92
Dodge: Dodged            |    50 |    38 |       ||    88
Block: Buckler           |    13 |       |       ||    13
       Kite shield       |    17 |    72 |     1 ||    90

Table legend: (Time is in decaauts)
 A = Elapsed time spent in this place.
 B = Non-inter-level travel time spent in this place.
 C = Inter-level travel time spent in this place.
 D = Time resting spent in this place.
 E = Time spent auto-exploring this place.
 F = Levels seen in this place.
 G = Mean time per level.
                   A        B        C        D        E       F      G
               +--------+--------+--------+--------+--------+-----+--------+
         Total |   3598 |   3499 |     99 |    396 |    485 |   4 |  899.5 |
       Dungeon |   3598 |   3499 |     99 |    396 |    485 |   4 |  899.5 |
               +--------+--------+--------+--------+--------+-----+--------+

Top non-repeatable levels by time:
     D:3: 1205 daAuts
     D:2: 1179 daAuts
     D:1: 865 daAuts
     D:4: 348 daAuts
